 Dungeon Crawl Stone Soup version 0.18.1-8-gdd0e5ea (webtiles) character file.

53 juanjsm the Sneak (level 3, -5/16 HPs)
             Began as a Spriggan Enchanter on June 9, 2016.
             Slain by Sigmund
             ... wielding a +0 scythe
              (16 damage)
             ... on level 2 of the Dungeon.
             The game lasted 00:06:57 (1072 turns).

juanjsm the Sneak (Spriggan Enchanter)              Turns: 1072, Time: 00:06:59

Health: -5/16      AC:  3    Str:  4    XL:     3   Next: 64%
Magic:  2/8        EV: 20    Int: 17    God:
Gold:   112        SH:  0    Dex: 20    Spells: 3 memorised, 2 levels left

rFire  . . .     SeeInvis +     a - +1 dagger
rCold  . . .     Gourm    .     b - +1 robe
rNeg   . . .     Faith    .     (shield restricted)
rPois  .         Spirit   .     (helmet restricted)
rElec  .         Dismiss  .     (no cloak)
rCorr  .         Reflect  .     (gloves unavailable)
SustAt .         Harm     .     (boots unavailable)
MR     .....                    (no amulet)
Stlth  ++++......               (no ring)
                                i - +4 ring of dexterity

@: very quick, not resistant to hostile enchantments, stealthy
A: unfitting armour, see invisible, herbivore 3, speed 3, slow metabolism 2
a: no special abilities


You were on level 2 of the Dungeon.
You were not hungry.

You visited 1 branch of the dungeon, and saw 2 of its levels.

You collected 112 gold pieces.

Inventory:

Hand Weapons
 a - a +1 dagger (weapon)
Armour
 b - a +1 robe (worn)
Jewellery
 i - a +4 ring of dexterity (left hand)
Scrolls
 g - 5 scrolls of identify {unknown}
 j - a scroll of fear {unknown}
 k - a scroll of remove curse {unknown}
 l - a scroll of enchant armour {unknown}
Potions
 e - a potion of heal wounds {unknown}
Books
 c - a book of Maledictions

   Spells                             Type                      Level
   a - Corona                         Hexes                        1
   b - Ensorcelled Hibernation        Hexes/Ice                    2
   c - Confuse                        Hexes                        3
   d - Tukima's Dance                 Hexes                        3
   e - Dazzling Spray                 Conjuration/Hexes            3
Comestibles
 d - a bread ration
 f - 3 fruits
 h - a slice of pizza


   Skills:
 + Level 1.1 Short Blades
 + Level 3.7 Dodging
 + Level 5.4 Stealth
 + Level 3.2 Spellcasting
 + Level 4.1 Hexes
 + Level 0.5 Ice Magic


You had 2 spell levels left.
You knew the following spells:

 Your Spells              Type           Power        Failure   Level  Hunger
a - Corona                Hex            ###....      3%          1    None
b - Ensorcelled Hibernat  Hex/Ice        ##....       12%         2    ##.....
c - Confuse               Hex            ###.....     12%         3    ###....


Dungeon Overview and Level Annotations

Branches:
Dungeon (2/15)

Altars:

Annotations:
D:2 Sigmund


Innate Abilities, Weirdness & Mutations

You are tiny and cannot use many weapons and most armour.
You have supernaturally acute eyesight.
You are a herbivore.
You cover ground extremely quickly.
You need consume almost no food.


Message History

Casting: Ensorcelled Hibernation
Confirm with . or Enter, or press ? or * to list all spells.
Aiming: Ensorcelled Hibernation
Press: ? - help, Shift-Dir - straight line, f/p - Sigmund
Aim: Sigmund, wielding a scythe and wearing an embroidered robe (chance to defeat MR: 50%) Sigmund looks drowsy...
The kobold throws a stone.
The stone misses you.
The kobold throws a stone.
The stone barely misses you.
There is a stone staircase leading down here.
The helpless Sigmund fails to defend himself.
You impale Sigmund!!
Sigmund is almost dead.
Sigmund says, "Your kind have come here before.
I understand now why.
You desire death..."
Sigmund completely misses you.
You hit Sigmund but do no damage.
Sigmund is almost dead.
You hit Sigmund.
Sigmund is almost dead.
Sigmund hits you with a scythe!
Ouch! That really hurt!
You die...

...# ..
.....###....#g#
..## ..
.....###.†.#.##
..#
.##.............#
..#
.............).#
#.#
#..#...........#
#.#
#..#..###.######
# # #.(#.[###.# #
#..(......#
##@#..#####
......@....#
##.####.##.#
..K.....
###.###### #.#
..# #.#


You could see Sigmund and a kobold.

Vanquished Creatures
  2 adders (D:2)
  4 giant geckos (D:1)
  5 bats
  A giant cockroach (D:1)
  2 goblins
  A hobgoblin (D:1)
  8 giant newts (D:1)
  5 kobolds
  5 rats
33 creatures vanquished.

Notes
Turn   | Place    | Note
--------------------------------------------------------------
     0 | D:1      | juanjsm the Spriggan Enchanter began the quest for the Orb.
     0 | D:1      | Reached XP level 1. HP: 9/9 MP: 5/5
   441 | D:1      | Reached XP level 2. HP: 6/13 MP: 4/6
   445 | D:1      | Learned a level 2 spell: Ensorcelled Hibernation
   588 | D:1      | Reached skill level 5 in Stealth
   753 | D:1      | Reached XP level 3. HP: 12/16 MP: 1/8
   758 | D:1      | Learned a level 3 spell: Confuse
  1064 | D:2      | Noticed Sigmund
  1072 | D:2      | Slain by Sigmund

Skill      XL: |  1  2  3 |
---------------+----------+-----
Stealth        | 5 |  5.4
Hexes          | 4 |  4.1
Spellcasting   | 3 |  3.2
Short Blades   | |  1.1
Dodging        | |  3.7
Ice Magic      | |  0.5

Action                   || total
-------------------------++-------
Melee: Dagger            ||    88
 Cast: Corona            ||     2
       Ensorcelled Hiber ||    22
 Stab: Sleeping          ||    23
       Distracted        ||     1
Armor: Robe              ||    18
Dodge: Dodged            ||   103
